 Dungeon Crawl Stone Soup version 0.18.1-8-gdd0e5ea (webtiles) character file.

1723 mistymad the Covered (level 8, 0/74 HPs)
             Began as a Deep Dwarf Fighter on May 22, 2016.
             Was a Follower of Makhleb.
             Slain by an orc warrior
             ... wielding a cursed -2 war axe
              (12 damage)
             ... on level 7 of the Dungeon.
             The game lasted 00:17:52 (4129 turns).

mistymad the Covered (Deep Dwarf Fighter)           Turns: 4129, Time: 00:17:53

Health: 0/74       AC: 13    Str: 21    XL:     8   Next: 75%
Magic:  18/18      EV: 10    Int: 15    God:    Makhleb [*.....]
Gold:   222        SH: 10    Dex: 11    Spells: 0 memorised, 7 levels left

rFire  . . .     SeeInvis .     a - +0 war axe
rCold  . . .     Gourm    .     E - +1 scale mail of the Jolly Gods {rCorr MP+9 Int+7 Dex-3} (curse)
rNeg   . . .     Faith    .     c - +0 shield
rPois  .         Spirit   .     A - +2 helmet
rElec  .         Dismiss  .     (no cloak)
rCorr  +         Reflect  .     r - +0 pair of gloves
SustAt .         Harm     .     (no boots)
MR     +....                    (no amulet)
Stlth  ..........               (no ring)
                                (no ring)

@: lethally poisoned (0 -> 0), non-regenerating, somewhat resistant to hostile
enchantments, extremely unstealthy
A: damage resistance, recharge devices, sense surroundings 1, slow regeneration
3
a: Device Recharging, Renounce Religion


You were on level 7 of the Dungeon.
You worshipped Makhleb.
Makhleb was aware of your devotion.
You were not hungry.

You visited 2 branches of the dungeon, and saw 8 of its levels.

You collected 222 gold pieces.

Inventory:

Hand Weapons
 a - a +0 war axe (weapon)
Armour
 c - a +0 shield (worn)
 r - a +0 pair of gloves (worn)
 A - a +2 helmet (worn)
 E - the cursed +1 scale mail of the Jolly Gods (worn) {rCorr MP+9 Int+7 Dex-3}
   (You found it on level 4 of the Dungeon)

   It affects your intelligence (+7).
   It affects your dexterity (-3).
   It affects your magic capacity (+9).
   It protects you from acid and corrosion.
   It has a curse placed upon it.
Jewellery
 s - an uncursed ring of sustain attributes {unknown}
Wands
 e - a wand of heal wounds (1/9)
 q - a wand of digging (18/24)
 z - a wand of lightning (7/15)
Scrolls
 g - a scroll of immolation {unknown}
 h - 2 scrolls of enchant weapon {unknown}
 i - 4 scrolls of remove curse {unknown}
 m - 9 scrolls of identify {unknown}
 n - 3 scrolls of fear {unknown}
 p - a scroll of magic mapping {unknown}
 u - 3 scrolls of recharging {unknown}
 y - a scroll of teleportation {unknown}
 B - a scroll of enchant armour {unknown}
 I - a scroll of noise {unknown}
Potions
 d - 2 potions of might
 l - a potion of agility {unknown}
 o - a potion of berserk rage {unknown}
 t - a potion of cancellation {unknown}
 w - 2 potions of lignification {unknown}
 C - a potion of heal wounds {unknown}
 D - a potion of curing {unknown}
 G - a potion of resistance {unknown}
Books
 j - a book of Ice

   Spells                             Type                      Level
   a - Ice Form                       Ice/Transmutation            4
   b - Metabolic Englaciation         Hexes/Ice                    5
   c - Ozocubu's Refrigeration        Ice                          6
   d - Bolt of Cold                   Conjuration/Ice              6
   e - Freezing Cloud                 Conjuration/Ice/Air          6
   f - Simulacrum                     Ice/Necromancy               6
 H - a book of Annihilations

   Spells                             Type                      Level
   a - Poison Arrow                   Conjuration/Poison           6
   b - Chain Lightning                Conjuration/Air              8
   c - Lehudib's Crystal Spear        Conjuration/Earth            8
   d - Glaciate                       Conjuration/Ice              9
   e - Fire Storm                     Conjuration/Fire             9
Comestibles
 b - 2 royal jellies
 f - 4 bread rations
 k - 4 meat rations


   Skills:
 + Level 5.2 Fighting
 + Level 5.7 Axes
 + Level 6.5 Armour
 + Level 4.9 Dodging
 + Level 6.1 Shields
 + Level 2.7 Invocations


You had 7 spell levels left.
You didn't know any spells.

Dungeon Overview and Level Annotations

Branches:
Dungeon (7/15)             Temple (1/1) D:4

Altars:
Ashenzari
Cheibriados
Dithmenos
Elyvilon
Fedhas
Gozag
Kikubaaqudgha
Makhleb
Nemelex Xobeh
Pakellas
Qazlal
Ru
Trog
Vehumet
Xom
Yredelemnul
Zin
The Shining One

Shops:
D:4 *


Innate Abilities, Weirdness & Mutations

You are resistant to damage.
You can recharge devices by infusing magical energy.
You passively map a small area around you.
You do not regenerate naturally.


Message History

You kill the orc wizard!
Makhleb accepts your kill. The adder bites you.
* * * LOW HITPOINT WARNING * * *
You are more poisoned.
The adder poisons you!
You slash the adder!
The adder is almost dead.
The adder bites you but does no damage. You block the adder's attack.
You barely miss the adder.
The adder is almost dead.
You block the adder's attack.
You hit the adder.
You kill the adder!
Makhleb accepts your kill.
You barely miss the orc warrior.
The orc warrior is heavily wounded.
You block the orc warrior's attack.
The orc warrior hits you with a war axe!
You die...

....... ############ ......<
##.....##.... .?.....
##............ .......,*
#............. .......
#............> *#.....######
##.............
#..........####........).....
.#...........@o...............
.......<..##.####.............
....##....##... ##..).....)...
... ###...###..###.....##....
, . , *#...# *#.# ########.###
* , , ##..# *..# .......S..# ,
*##.. * .# .....o....# , *...
. ..........# , , .### ,
..........#


You could see an orc warrior.

Vanquished Creatures
  A hungry ghost (D:7)
  A water moccasin (D:7)
  A sky beast (D:6)
  A black bear (D:4)
  A centaur (D:5)
  2 giant frogs
  A water moccasin skeleton (D:5)
  8 wights
  2 crimson imps (D:5)
  A jelly (D:6)
  2 hounds (D:4)
  2 orc priests (D:4)
  2 giant frog skeletons
  3 iguanas
  An iron imp (D:6)
  3 orc wizards
  A worker ant (D:4)
  A hound zombie (D:5)
  A gnoll (D:1)
  A howler monkey skeleton (D:6)
  6 adders
  An ooze (D:4)
  6 worms
  A dart slug (D:1)
  5 giant geckos
  28 orcs
  4 giant cockroaches
  8 goblins
  4 hobgoblins
  10 jackals
  3 kobolds
  2 quokkas
  11 bats
  2 giant gecko skeletons (D:4)
  2 giant newts
  7 rats
136 creatures vanquished.

Notes
Turn   | Place    | Note
--------------------------------------------------------------
     0 | D:1      | mistymad the Deep Dwarf Fighter began the quest for the Orb.
     0 | D:1      | Reached XP level 1. HP: 20/20 MP: 1/1
    51 | D:1      | Reached XP level 2. HP: 25/27 MP: 2/2
   238 | D:1      | Reached XP level 3. HP: 21/33 MP: 3/3
   715 | D:2      | Reached XP level 4. HP: 15/42 MP: 4/4
   865 | D:2      | Found a faded altar to an unknown god.
   942 | D:3      | Found a glowing golden altar of the Shining One.
  1384 | D:3      | Reached skill level 1 in Dodging
  1504 | D:3      | Found a radiant altar of Vehumet.
  1663 | D:3      | Found an oddly glowing altar of Pakellas.
  1808 | D:4      | Reached XP level 5. HP: 33/49 MP: 5/5
  1849 | D:4      | Found a stormy altar of Qazlal.
  1966 | D:4      | Found a staircase to the Ecumenical Temple.
  1989 | Temple   | Entered the Ecumenical Temple
  2073 | D:4      | Reached XP level 6. HP: 22/57 MP: 6/6
  2385 | D:4      | Found Xuwyseko's Elemental Accessories.
  2412 | D:4      | Got a jewelled scale mail
  2423 | D:4      | Identified the cursed +1 scale mail of the Jolly Gods {rCorr MP+9 Int+7 Dex-3} (You found it on level 4 of the Dungeon)
  2585 | D:4      | Reached skill level 5 in Armour
  2654 | D:5      | Entered Level 5 of the Dungeon
  2691 | D:5      | Reached XP level 7. HP: 11/64 MP: 7/7
  2726 | D:5      | Reached skill level 5 in Shields
  2823 | Temple   | Became a worshipper of Makhleb the Destroyer
  2919 | D:5      | Found a bloodstained altar of Trog.
  3118 | D:5      | Found an ancient bone altar of Kikubaaqudgha.
  3362 | D:5      | HP: 3/66 [iguana (8)]
  3540 | D:5      | Reached skill level 5 in Axes
  3569 | D:6      | Found a snail-covered altar of Cheibriados.
  3597 | D:5      | Reached XP level 8. HP: 29/73 MP: 7/7
  3642 | D:6      | Reached * piety under Makhleb
  3934 | D:6      | Reached skill level 5 in Fighting
  3934 | D:6      | Reached skill level 1 in Invocations
  3994 | D:6      | Found a sacrificial altar of Ru.
  4129 | D:7      | Slain by an orc warrior

Skill      XL: |  1  2  3  4  5  6  7  8 |
---------------+-------------------------+-----
Armour         | 4 5 6 |  6.5
Fighting       | 3 4 5 |  5.2
Dodging        | 1 2 3 4 |  4.9
Axes           | 3 4 5 |  5.7
Shields        | 4 5 6 |  6.1
Invocations    | 2 |  2.7

Action                   |  1- 3 |  4- 6 |  7- 9 || total
-------------------------+-------+-------+-------++-------
Melee: War axe           |   110 |   188 |   317 ||   615
 Abil: Device Recharging |       |       |     1 ||     1
Evoke: Wand              |       |     3 |     6 ||     9
  Eat: Chunk             |       |     6 |     7 ||    13
       Pizza             |       |       |     1 ||     1
       Beef jerky        |       |       |     1 ||     1
Armor: Scale mail        |    50 |   103 |   184 ||   337
Dodge: Dodged            |    34 |    66 |   121 ||   221
Block: Shield            |    58 |   129 |   213 ||   400
